Map: Orbital Shipyard

Players

SEiSHiN - Winner!

  • Race: Terran Terran
  • League: Silver

kingcy

  • Race: Zerg Zerg
  • League: Gold

VOD

Have the link to the VOD?

Description

Time

  • Played on: Nov. 24, 2015, 7:08 a.m.
  • Length: 14:32
Show
View Real Time Build Order
Export as new Build Order

SEiSHiN Terran - Winner!

Build Orders: Liberator Opening, Reaper Expand, MMM Bio 

Get SALT Encoding   

  12  0:00  SCV  
  13  0:12  SCV  
  14  0:19  Supply Depot  
  14  0:25  SCV  
  15  0:40  SCV  
  15  0:42  Barracks  
  16  0:44  Refinery  
  16  0:56  SCV  
  17  1:08  SCV  
  18  1:20  SCV  
  19  1:29  Reaper  
  20  1:33  Orbital Command  
  20  1:45  Command Center  
  20  1:59  SCV  
  21  2:01  Supply Depot  
  21  2:02  Barracks Reactor  
  21  2:34  SCV  
  22  2:38  Marine x2  
  24  2:45  Refinery  
  24  2:49  Factory  
  24  3:09  SCV, Orbital Command  
  25  3:35  Starport  
  25  3:43  Barracks Tech Lab  
  25  3:45  Hellion x2  
  25  3:46  SCV x2  
  31  3:54  Liberator  
  31  3:58  SCV x2  
  33  4:06  Hellion x2  
  37  4:12  Stimpack  
  40  4:28  Hellion x2  
  40  4:29  Bunker  
  44  4:31  Marine  
  44  4:51  Marauder  
  46  5:08  Supply Depot  
  46  5:09  Supply Depot  
  46  5:12  Liberator  
  46  5:24  Barracks  
  46  5:25  Barracks  
  46  5:29  SCV x2  
  46  5:30  Marauder  
  46  5:31  Barracks  
  53  5:38  Factory Reactor  
  49  6:00  SCV x2  
  51  6:05  Supply Depot  
  51  6:07  Supply Depot  
  51  6:09  Marauder  
  53  6:12  Starport Reactor  
  52  7:01  Barracks Reactor  
  52  7:04  Barracks Tech Lab  
  52  7:05  Marine  
  52  7:06  Marauder  
  45  7:17  Marine  
  45  7:18  SCV x2  
  48  7:27  Command Center  
  48  7:30  SCV x2  
  48  7:33  Barracks x2  
  48  7:36  Marine x2  
  54  7:37  Marauder x2  
  54  7:38  Combat Shields, Concussive Shells  
  54  7:42  Factory Reactor  
  56  8:25  Marine  
  56  8:26  Marauder x2, Marine  
  62  8:32  Barracks Tech Lab, Marine x2  
  64  8:42  Orbital Command  
  64  8:46  Marine x2  
  64  8:47  Barracks  
  64  8:48  Marauder x2  
  70  8:50  Marine x2  
  70  8:51  Medivac x2  
  70  8:52  Factory Reactor  
  76  9:00  Engineering Bay  
  76  9:01  Engineering Bay  
  76  9:03  Engineering Bay  
  76  9:09  Marauder x2  
  80  9:16  Marine x4  
  86  9:17  Marauder  
  86  9:21  Medivac x2  
  90  9:31  Terran Infantry Armor Level 1, Marauder  
  92  9:35  Armory  
  92  9:39  Marine  
  93  9:49  Marine  
  93  9:50  Marine x2  
  93  9:51  Marauder  
  93  9:52  Marine  
  93  9:54  Marine  
  93  9:57  Marauder x2  
  70  10:12  Marauder  
  68  10:15  Marine x3  
  68  10:17  Marine x3  
  68  10:18  Marauder  
  68  10:19  Marauder  
  68  10:20  Orbital Command, Medivac x2  
  82  10:23  Terran Infantry Weapons Level 1  
  82  10:34  Marauder  
  84  10:36  Widow Mine x2  
  88  10:51  SCV x2  
  88  10:56  SCV  
  91  11:03  SCV x2  
  93  11:36  SCV  
  88  12:00  Marine x4  
  88  12:01  Marine x3  
  92  12:04  Marauder  
  92  12:07  Marauder  
  89  12:19  Marauder  
  86  12:30  Marine x3  
  86  12:31  Marine x3  
  86  12:36  Supply Depot x2  
  92  12:37  Supply Depot  
  92  12:40  Marauder  
  92  12:41  Medivac  
  92  12:42  SCV x3  
  92  12:44  Medivac  
  92  12:45  Marauder  
  92  12:48  Refinery  
  92  12:51  Refinery  
  88  12:54  SCV  
  88  12:55  SCV  
  91  12:58  SCV  
  91  13:02  Command Center  
  89  13:06  SCV  
  90  13:15  Marine x3  
  90  13:16  Marine x4  
  90  13:17  Marine x2  
  90  13:19  Widow Mine  
  99  13:20  Widow Mine  
  102  13:35  Marauder x3  
  108  13:42  Marine  
  108  13:43  Marine x4  
  108  13:44  Marine  
  114  13:51  Barracks  
  114  13:52  Barracks x3  
  114  13:56  Marauder  
  114  14:00  Marine  
  117  14:12  Marine  
Show
View Real Time Build Order
Export as new Build Order

kingcy Zerg 

Build Orders: Hatch First 

Get SALT Encoding   

  12  0:01  Drone  
  13  0:09  Drone  
  14  0:37  Hatchery  
  14  0:41  Overlord  
  13  0:45  Drone  
  14  0:54  Drone, Extractor  
  14  1:02  Drone  
  15  1:04  Drone  
  16  1:17  Spawning Pool  
  15  1:20  Drone  
  16  1:30  Drone  
  17  1:36  Drone  
  18  1:46  Drone  
  19  1:53  Drone  
  20  1:58  Drone  
  21  2:04  Queen  
  21  2:05  Queen  
  21  2:06  Drone  
  26  2:11  Overlord  
  26  2:20  Drone  
  26  2:22  Drone  
  28  2:30  Zergling x2  
  28  2:32  Zergling x2  
  29  2:37  Metabolic Boost  
  29  2:41  Zergling x2  
  29  2:43  Zergling x2  
  31  2:51  Zergling x2  
  32  3:04  Zergling x2  
  33  3:06  Zergling x6  
  36  3:18  Roach Warren  
  35  3:22  Spine Crawler  
  35  3:23  Overlord x2  
  34  3:30  Lair  
  34  3:42  Drone x3  
  34  3:45  Extractor  
  34  3:47  Drone x3  
  39  3:52  Drone x3  
  42  4:01  Drone  
  42  4:02  Overlord  
  43  4:11  Drone  
  43  4:16  Overlord  
  44  4:20  Drone x3  
  47  4:25  Extractor  
  46  4:32  Glial Reconstitution  
  46  4:38  Infestation Pit  
  45  4:46  Drone  
  45  4:48  Roach x3  
  45  4:49  Roach x2  
  45  4:51  Roach x2  
  60  5:00  Baneling Nest  
  60  5:03  Drone  
  60  5:04  Overlord  
  60  5:12  Extractor  
  59  5:24  Overlord x2  
  59  5:27  Drone x3  
  52  5:57  Drone x2  
  51  6:03  Centrifical Hooks  
  52  6:08  Hive  
  51  6:26  Spore Crawler  
  49  6:41  Drone x4  
  47  6:57  Hatchery, Drone x2  
  48  7:09  Drone  
  48  7:11  Drone x3  
  48  7:15  Spore Crawler  
  51  7:21  Drone  
  53  7:30  Drone  
  53  7:33  Drone x2  
  55  7:45  Drone x2  
  55  7:46  Adrenal Glands  
  56  7:53  Spore Crawler  
  54  8:08  Ultralisk Cavern  
  54  8:12  Drone  
  53  8:19  Drone, Queen  
  55  8:37  Spore Crawler  
  54  8:58  Ultralisk x4  
  78  9:06  Hatchery  
  77  9:11  Extractor  
  77  9:12  Drone x2  
  77  9:13  Drone x4, Extractor  
  81  9:24  Spore Crawler  
  81  9:28  Ultralisk  
  81  9:30  Overlord x2  
  79  9:59  Ultralisk  
  73  10:04  Drone  
  73  10:05  Drone  
  61  10:17  Ultralisk  
  61  10:19  Drone  
  68  10:34  Drone  
  69  10:38  Overlord x2  
  69  10:39  Overlord  
  69  10:42  Drone x3  
  72  10:49  Drone x3  
  75  10:53  Drone x2  
  77  11:04  Ultralisk x3  
  97  11:23  Drone  
  97  11:24  Drone  
  97  11:30  Hatchery  
  92  11:48  Drone  
  92  11:49  Ultralisk x3  
  105  12:08  Ultralisk  
  104  12:10  Ultralisk  
  110  12:27  Ultralisk  
  116  12:34  Drone  
  116  12:35  Drone x2  
  108  12:47  Ultralisk  
  114  12:53  Drone  
  114  12:56  Drone x3  
  118  13:05  Queen  
  118  13:07  Drone  
  121  13:16  Drone x3  
  124  13:23  Extractor  
  67  13:42  Ultralisk x2  
  79  13:59  Drone x7  
  79  14:00  Drone x3  
  77  14:20  Extractor  
Tags
 
Add a new tag
Caveats
  • Supply blocks, unpowered buildings, or Contaminate may cause inaccurate times.
  • Supply counts are checked every 10 seconds.